 Dungeon Crawl Stone Soup version 0.31-a0-267-g3fc6992b3b (webtiles) character file.

Game seed: 9370933492893288381

93 qw the Shooter (level 4, 0/26 HPs)
             Began as a Gargoyle Hexslinger on July 14, 2023.
             Slain by Sigmund
             ... wielding a +0 scythe
              (10 damage)
             ... on level 3 of the Dungeon.
             The game lasted 00:00:56 (2267 turns).

qw the Shooter (Gargoyle Hexslinger)                Turns: 2267, Time: 00:00:57

Health: 0/26       AC:  7    Str: 11    XL:     4   Next: 61%
Magic:  5/5        EV: 11    Int: 14    God:
Gold:   198        SH:  0    Dex: 14    Spells: 4/5 levels left

rFire   . . .        Y - +1 sling
rCold   . . .        (no shield)
rNeg    + . .        g - +0 leather armour
rPois   inf          (no helmet)
rElec   +            (no cloak)
rCorr   .            (no gloves)
SInv    .            c - +0 pair of boots
Will    .....        (no amulet)
Stlth   +            (no ring)
HPRegen 0.24/turn    (no ring)
MPRegen 0.09/turn

%: no passive effects
@: no status effects
A: sickness immunity, AC +3, negative energy resistance 1, electricity
resistance, torment resistance 1, petrification resistance
a: no special abilities


You were on level 3 of the Dungeon.
You visited 1 branch of the dungeon, and saw 5 of its levels.

You collected 198 gold pieces.


Innate Abilities, Weirdness & Mutations

You are immune to sickness and miasma.
Your stone body is resilient. (AC +3)
You are immune to poison.
You resist negative energy. (rN+)
You are resistant to electric shocks. (rElec)
You are resistant to unholy torment.
You are immune to petrification.


   Skills:
 - Level 2.0 Fighting
 + Level 4.4 Ranged Weapons
 - Level 1.5 Dodging
 - Level 1.0 Spellcasting
 - Level 2.6 Hexes


You had 4 spell levels left.
You knew the following spells:

 Your Spells              Type           Power      Damage    Failure   Level
a - Slow                  Hex            32%        N/A       12%         1

Your spell library contained the following spells:

 Spells                   Type           Power      Damage    Failure   Level
 Inner Flame              Hex/Fire       4%         N/A       52%         3
 Portal Projectile        Hex/Tloc       8%         N/A       52%         3
 Cause Fear               Hex            4%         N/A       75%         4

Inventory:

Hand Weapons
 Y - a +1 sling (weapon)
Armour
 c - a +0 pair of boots (worn)
 f - a +0 pair of gloves
 g - a +0 leather armour (worn)
 h - a +0 ring mail
Jewellery
 j - an amulet of magic regeneration
Scrolls
 b - a scroll of identify
Potions
 a - 4 potions of curing
 d - a potion of magic {unknown}
 e - a potion of brilliance {unknown}
 i - a potion of might {unknown}

Dungeon Overview and Level Annotations

Branches:
Dungeon (5/15)
 Temple: D:4-7

Altars:
Yredelemnul

Annotations:
D:3 Sigmund


Message History

You shoot a sling bullet.
The sling bullet closely misses Sigmund.
Sigmund casts a spell.
Sigmund flickers and vanishes!
Deactivating autopickup; reactivate with Ctrl-A.
You shoot a sling bullet. Something hits you but does no damage.
You shoot a sling bullet. You shoot a sling bullet.
Something hits you but does no damage.
You shoot a sling bullet. Something hits you but does no damage.
You shoot a sling bullet. Something hits you!
You shoot a sling bullet.
You hear some strange, mumbled words.
You are confused.
You shoot a sling bullet. Something hits you.
You shoot a sling bullet. Something hits you but does no damage.
You shoot a sling bullet. You shoot a sling bullet.
Something hits you but does no damage.
You shoot a sling bullet.
You feel less confused.
You hear some strange, mumbled words.
You are confused.
You hear some strange, mumbled words.
A puff of flame appears from out of thin air!
The puff of flame hits you.
You shoot a sling bullet. Something hits you but does no damage.
You shoot a sling bullet. Something hits you.
You shoot a sling bullet. You shoot a sling bullet.
You feel less confused. Something hits you!
You die...

.............................
...##.....#.####.............
...##.....#.###..............####
......<......###........#........
.............#_#........#.......<
.............#^#........# ......
.............#.#...##########.##.
.............#...................
.............##.@..######........
.............##....# #........
.............##.{..# ###........
...>.......[.##....# #.......#..
####...########....# #.####.##..
#%..##### #..... #.####.....
##........# ####... #..........
##...¤~~¤~.. ...##.####/.#..
#.[.##¤~~~~~ #.......


There were no monsters in sight!

Vanquished Creatures
  2 adders (D:3)
  2 worms (D:2)
  6 dart slugs
  4 endoplasms
  3 giant cockroaches (D:1)
  3 goblins
  5 hobgoblins
  2 jackals (D:1)
  A quokka (D:3)
  9 ball pythons
  7 bats
  2 frilled lizards
  5 kobolds
  4 rats
55 creatures vanquished.

Notes
Turn   | Place    | Note
-------+----------+-------------------------------------------
     0 | D:1      | qw the Gargoyle Hexslinger began the quest for the Orb.
     0 | D:1      | Reached XP level 1. HP: 12/12 MP: 2/2
     0 | D:1      | 0 ||| qw: Version: 0.3-a-52-g30416fa
     0 | D:1      | 0 ||| qw: Game counter: 7902
     0 | D:1      | 0 ||| qw: Melee chars always use a shield: true
     0 | D:1      | 0 ||| qw: God list: Okawaru
     0 | D:1      | 0 ||| qw: Allow faded altars: false
     0 | D:1      | 0 ||| qw: Do Orc after clearing Dungeon:15 true
     0 | D:1      | 0 ||| qw: Do second Lair branch before Depths: true
     0 | D:1      | 0 ||| qw: Lair rune preference: random
     0 | D:1      | 0 ||| qw: Goals: Normal
     0 | D:1      | 0 ||| PLANNING D:1-11
    46 | D:1      | Reached XP level 2. HP: 16/16 MP: 3/3
    94 | D:1      | Reached skill level 3 in Ranged Weapons
   218 | D:1      | Reached XP level 3. HP: 21/21 MP: 4/4
   777 | D:1      | 777 ||| READING scroll labelled GYNIGHIPRA.
   780 | D:1      | 780 ||| READING scroll labelled EVVATH UPLA.
   781 | D:1      | 781 ||| DROPPING scroll of poison.
   853 | D:2      | HP: 1/21 [worm (7)]
  1086 | D:2      | Found a basalt altar of Yredelemnul.
  1392 | D:2      | Reached XP level 4. HP: 26/26 MP: 5/5
  1588 | D:2      | 1588 ||| UPGRADING to +0 leather armour.
  1598 | D:2      | 1598 ||| DROPPING +0 robe.
  1599 | D:2      | 1599 ||| READING scroll labelled QYTAIM VISHAW.
  1600 | D:2      | 1600 ||| READING scroll labelled OFU GOYNOBELLO.
  1621 | D:2      | 1621 ||| DRINKING 3 coppery potions.
  1622 | D:2      | 1622 ||| DRINKING 3 fuming red potions.
  1623 | D:2      | 1623 ||| DROPPING 2 potions of attraction.
  1698 | D:3      | Reached skill level 4 in Ranged Weapons
  1719 | D:3      | 1719 ||| Stepping ~*~*~tactically~*~*~ (outnumbered).
  1721 | D:3      | 1721 ||| Stepping ~*~*~tactically~*~*~ (outnumbered).
  1794 | D:3      | You fall into a shaft and drop 2 floors!
  1794 | D:5      | Entered Level 5 of the Dungeon
  1850 | D:5      | 1850 ||| UPGRADING to +0 pair of boots.
  2247 | D:3      | Found a faded altar of an unknown god.
  2248 | D:3      | Noticed Sigmund
  2267 | D:3      | Slain by Sigmund

Levels and vault maps discovered:
D:1:      dpeg_arrival_fog, layout_basic, minmay_misc_feat_room
D:2:      layout_basic, basic_altar, dk_vineyard_2
D:3:      layout_basic, hellmonk_ecumenical_altar_leap_of_faith, minivault_4,
          serial_bayou_lagoon_a, chequers_serial_rivers_large_b,
          chequers_serial_rivers_micro_b, grunt_decor_junction,
          kennysheep_generic_room_3, uniq_sigmund
D:4:      layout_basic, mainiacjoe_overflow_paths, serial_glass,
          glass_columns_b, glass_columns_a, glass_columns_b, st_stairs_2,
          nrook_campfire, guppyfry_shop_venom, uniq_menkaure
D:5:      layout_basic, minmay_temple_entry_statues_fountains,
          gammafunk_ghost_abyssal_escape, kennysheep_small_square

Skill      XL: |  1  2  3  4 |
---------------+-------------+-----
Ranged Weapons | 3 4 |  4.4
Fighting       | 2 |  2.0
Dodging        | |  1.5
Spellcasting   | |  1.0
Hexes          | |  2.6

Action                     |  1- 3 |  4- 6 || total
---------------------------+-------+-------++-------
   Fire: Sling             |   137 |    73 ||   210
    Use: Scroll            |     2 |     2 ||     4
         Potion            |       |     2 ||     2
 Armour: Robe              |    18 |       ||    18
         Leather armour    |       |    16 ||    16
  Dodge: Dodged            |    25 |    11 ||    36

Table legend:
 A = Non-vault XP
 B = Vault XP
 C = Vault XP percentage of total XP
 D = Non-vault monster count
 E = Vault monster count
 F = Vault count percentage of total count
                 A         B        C        D         E       F
            +---------+---------+-------+---------+---------+-------
      Total |     133 |       0 |   0.0 |      55 |       0 |   0.0
            +---------+---------+-------+---------+---------+-------
        D:1 |      55 |       0 |   0.0 |      29 |       0 |   0.0
        D:2 |      32 |       0 |   0.0 |      13 |       0 |   0.0
        D:3 |      45 |       0 |   0.0 |      12 |       0 |   0.0
        D:4 |       1 |       0 |   0.0 |       1 |       0 |   0.0
            +---------+---------+-------+---------+---------+-------
